 Dungeon Crawl Stone Soup version 0.27.1-3-gb3d3a73c9e (webtiles) character file.

Game seed: 5983859980746189546

38 horus123 the Skirmisher (level 3, 0/29 HPs)
             Began as a Demonspawn Abyssal Knight on Oct 16, 2021.
             Was a Follower of Lugonu.
             Succumbed to an adder's poison
             ... on level 2 of the Dungeon.
             The game lasted 00:03:01 (1142 turns).

horus123 the Skirmisher (Demonspawn Abyssal Knight) Turns: 1142, Time: 00:03:02

Health: 0/29       AC: 10    Str: 13    XL:     3   Next: 25%
Magic:  5/5        EV:  3    Int: 13    God:    Lugonu [*.....]
Gold:   83         SH:  0    Dex: 12    Spells: 2/2 levels left

rFire    . . .     SeeInvis .   a - +2 falchion
rCold    . . .     Faith    .   (no shield)
rNeg     . . .     Spirit   .   j - +0 plate armour
rPois    .         Reflect  .   (no helmet)
rElec    .         Harm     .   (no cloak)
rCorr    .         Rampage  .   (no gloves)
Will     .....                  (no boots)
Stlth    ..........             (no amulet)
HPRegen  0.09/turn              (no ring)
MPRegen  0.09/turn              (no ring)

@: lethally poisoned (0 -> -2)
A: claws 1
a: Renounce Religion, Depart the Abyss


You were on level 2 of the Dungeon.
You worshipped Lugonu.
Lugonu was aware of your devotion.
You visited 1 branch of the dungeon, and saw 2 of its levels.
You visited the Abyss 1 time.

You collected 83 gold pieces.

Inventory:

Hand Weapons
 a - a +2 falchion (weapon)
Armour
 b - a +0 leather armour
 f - a +0 chain mail
 j - a +0 plate armour (worn)
Potions
 c - 2 potions of haste
 d - a potion of might
 e - a potion of berserk rage {unknown}
 g - 3 potions of degeneration
 h - a potion of curing {unknown}


   Skills:
 + Level 3.6 Fighting
 + Level 2.3 Long Blades
 + Level 2.0 Armour
 + Level 0.8 Dodging
 + Level 0.1 Stealth
 * Level 2.9 Invocations


You had 2 spell levels left.
You didn't know any spells.
Your spell library was empty.

Dungeon Overview and Level Annotations

Branches:
Dungeon (2/15)

Altars:


Innate Abilities, Weirdness & Mutations

You have sharp fingernails.


Message History

The adder poisons you!
Your plate armour prevents you from hitting the worm.
The worm is lightly wounded.
You feel sick. The adder bites you but does no damage.
The worm completely misses you.
You barely miss the worm.
The worm is lightly wounded.
You feel sick.
The adder bites you but does no damage. x2
You feel sick.
You feel sick. The adder barely misses you.
The adder bites you but does no damage.
You feel sick.
You feel sick.
You are no longer poisoned.
The adder bites you. x2
You hit the adder.
The adder is lightly wounded.
The adder bites you.
You slash the adder!
The adder is severely wounded.
The adder completely misses you.
You riposte.
Your plate armour prevents you from hitting the adder.
The adder is severely wounded.
The frilled lizard bites you but does no damage.
The worm bites you but does no damage. The adder bites you.
You are poisoned.
The adder poisons you!
You hit the adder.
You kill the adder!
Lugonu accepts your kill.
* * * LOW HITPOINT WARNING * * *
You feel sick.
The frilled lizard bites you but does no damage.
The worm bites you.
* * * LOW HITPOINT WARNING * * *
* * * LOW HITPOINT WARNING * * *
You feel sick.
* * * LOW HITPOINT WARNING * * *
You feel sick.
You die...

#.# #.. #.########### .
#..#....#......# .
#..............# .##
##..###.....[..# ..# ##.
##w.l....# #<## #
#.......# ...## ##..@...#
....# #......# ....## #.#
####.†## ...†.# #.#
##..## ...#.# #.# #...#
...#.#####.#######..#####
...#>.##.<..............#
..###.##.#.###..........#
........†#..##..........#


You could see a worm and a frilled lizard.

Vanquished Creatures
  An adder (D:2)
  A dart slug (D:1)
  A ball python (D:1)
  2 endoplasms
  A goblin (D:1)
  2 hobgoblins (D:1)
  7 jackals
  2 quokkas (D:1)
  4 frilled lizards
  A kobold (D:1)
  3 rats
25 creatures vanquished.

Notes
Turn   | Place    | Note
-------+----------+-------------------------------------------
     0 | Abyss:1  | horus123 the Demonspawn Abyssal Knight began the quest for
                  | the Orb.
     0 | Abyss:1  | Reached XP level 1. HP: 18/18 MP: 2/2
    51 | Abyss:1  | Noticed a smoke demon
    52 | D:1      | Escaped the Abyss
   119 | D:1      | Found a faded altar of an unknown god.
   189 | D:1      | Reached * piety under Lugonu
   230 | D:1      | Gained mutation: You have sharp fingernails. [demonic
                  | ancestry]
   230 | D:1      | Reached XP level 2. HP: 24/24 MP: 3/3
  1094 | D:2      | Reached XP level 3. HP: 29/29 MP: 5/5
  1141 | D:2      | HP: 1/29 [poisoned by an adder]
  1142 | D:2      | Succumbed to an adder's poison

Illustrated notes

Levels and vault maps discovered:
D:1:      nicolae_arrival_washed_ashore, layout_loops_ring,
          basic_ecumenical_altar
D:2:      layout_rooms, st_stairs_8

Skill      XL: |  1  2 |
---------------+-------+-----
Long Blades    | 2 |  2.3
Armour         | 2 |  2.0
Fighting       | |  3.6
Dodging        | |  0.8
Stealth        | |  0.1
Invocations    | |  2.9

Action                   || total
-------------------------++-------
Melee: Falchion          ||    77
Invok: Depart the Abyss  ||     1
  Use: Scroll            ||     6
Armor: Chain mail        ||    32
       Leather armour    ||     3
       Plate armour      ||    31
Dodge: Dodged            ||    23
       Rpst.: Falchion   ||     5
